 Dungeon Crawl Stone Soup version 0.26-a0-708-g17f3b19 (webtiles) character file.

Game seed: 17059800226225235566

6437 BarneyGumball the Cleaver (level 10, 0/56 HPs)
             Began as a Gargoyle Fighter on Oct 28, 2020.
             Was an Elder of Okawaru.
             Slain by a yak (11 damage)
             ... on level 1 of the Lair of Beasts.
             The game lasted 00:19:17 (11094 turns).

BarneyGumball the Cleaver (Gargoyle Fighter)       Turns: 11094, Time: 00:19:18

Health: 0/56       AC: 17    Str: 22    XL:     10   Next: 99%
Magic:  10/10      EV:  8    Int: 10    God:    Okawaru [****..]
Gold:   455        SH: 13    Dex:  9    Spells: 9/9 levels left

rFire    . . .     SeeInvis .   r - +2 war axe (elec)
rCold    . . .     Faith    +   c - +1 kite shield
rNeg     + . .     Spirit   .   b - +0 scale mail
rPois    ∞         Reflect  .   (no helmet)
rElec    +         Harm     .   H - scarf {repulsion}
rCorr    .         Rampage  .   h - +0 pair of gloves
MR       +....                  l - +0 pair of boots
Stlth    ..........             p - amulet of faith
HPRegen  0.18/turn              y - ring of protection from magic
MPRegen  0.12/turn              (no ring)

@: mighty, repel missiles
A: negative energy resistance 1, electricity resistance, unbreathing,
petrification resistance, rot immunity, AC +7
a: Heroism, Renounce Religion


You were on level 1 of the Lair of Beasts.
You worshipped Okawaru.
Okawaru was greatly pleased with you.
You visited 3 branches of the dungeon, and saw 13 of its levels.

You collected 455 gold pieces.

Inventory:

Hand Weapons
 a - a +0 flail
 r - a +2 war axe of electrocution (weapon)
 s - a +5 flail of holy wrath
Armour
 b - a +0 scale mail (worn)
 c - a +1 kite shield (worn)
 h - a +0 pair of gloves (worn)
 l - a +0 pair of boots (worn)
 F - a +1 leather armour of poison resistance
 H - a scarf of repulsion (worn)
Jewellery
 p - an amulet of faith (around neck)
 y - a ring of protection from magic (left hand)
 N - an uncursed ring of protection from cold {unknown}
 O - an uncursed ring of protection from magic
 P - a +6 ring of intelligence {unknown}
Wands
 w - a wand of iceblast (12)
 x - a wand of digging (5)
 A - a wand of enslavement (10)
 C - a wand of disintegration (7)
 E - a wand of flame (22)
 G - a wand of random effects (38)
 I - a wand of acid (7)
 K - a wand of paralysis (8)
Scrolls
 e - 4 scrolls of identify
 f - 2 scrolls of enchant armour
 k - 3 scrolls of magic mapping
 m - 2 scrolls of teleportation
 n - a scroll of fear
 q - 2 scrolls of remove curse
 J - a scroll of immolation {unknown}
 M - 2 scrolls of enchant weapon {unknown}
Potions
 d - 2 potions of might
 g - 3 potions of degeneration {unknown}
 i - a potion of flight {unknown}
 j - 7 potions of curing
 o - 2 potions of cancellation {unknown}
 t - a potion of lignification {unknown}
 u - a potion of invisibility {unknown}
 v - 2 potions of heal wounds {unknown}
 z - a potion of stabbing {unknown}
 B - 3 potions of mutation {unknown}
 D - a potion of magic {unknown}
 L - a potion of resistance {unknown}


   Skills:
 - Level 3.2 Fighting
 * Level 11.0(11.4) Axes
 - Level 5.7(9.6) Maces & Flails
 - Level 5.2 Armour
 + Level 10.0 Shields


You had 9 spell levels left.
You didn't know any spells.
Your spell library was empty.

Dungeon Overview and Level Annotations

Branches:
Dungeon (11/15)            Temple (1/1) D:7            Lair (1/6) D:8
    Orc: D:9-12

Altars:
Ashenzari
Cheibriados
Dithmenos
Elyvilon
Fedhas
Gozag
Hepliaklqana
Kikubaaqudgha
Makhleb
Nemelex Xobeh
Okawaru
Qazlal
Sif Muna
Trog
Uskayaw
Vehumet
Xom
Yredelemnul
Zin
The Shining One

Annotations:
D:6 Grinder


Innate Abilities, Weirdness & Mutations

You are resistant to torment.
Your stone body is resilient. (AC +7)
You are immune to poison.
You resist negative energy. (rN+)
You are resistant to electric shocks. (rElec)
You can survive without breathing.
You are immune to petrification.
You are immune to rotting.


Message History

You block the basilisk's attack.
The blink frog blinks! x2
You barely miss the yak.
The yak is heavily wounded.
You slash the yak! Lightning courses through the yak!
You barely miss the basilisk.
The yak gores you but does no damage. x2
The basilisk bites you!
* * * LOW HITPOINT WARNING * * *
The blink frog blinks!
The basilisk gazes at you. You resist with almost no effort.
You closely miss the blink frog.
The blink frog is severely wounded.
You slash the blink frog! You slash the yak! Lightning courses through the yak!
You kill the yak!
Okawaru accepts your kill.
Your Axes skill increases to level 11!
Your Shields skill increases to level 10!
You slash the yak!
The blink frog blinks!
You block the blink frog's attack. The yak gores you!
You die...

# ... ...# #.#..
.....#. .#.?
........ .[.
......# .. # #..
......#...#
#.#F§##....##...#
#...l..F........###
#..!Y.†F...........
#...§Y@...........
#......F..........
#..............#
##..........(..#
#.##P#####....# #.
## #....# # #....##
#.....# +....## ..


You could see 2 yaks, a basilisk and 4 blink frogs.

Vanquished Creatures
  An ugly thing (D:8)
  2 komodo dragons
  2 wyverns
  2 yaks
  Edmund (D:5)
  A water moccasin (Lair:1)
  Duvessa (D:7)
  3 black bears
  3 orc warriors
  A sky beast (D:8)
  An eye of draining (D:9)
  4 wolves (Lair:1)
  7 ogres
  6 centaurs
  A big kobold (D:7)
  7 bullfrogs
  A gnoll sergeant (D:9)
  Dowan (D:7)
  A wyvern zombie (D:7)
  3 scorpions
  6 killer bees (D:7)
  A howler monkey (D:6)
  A centaur zombie (D:10)
  A quasit (D:10)
  5 hounds
  5 orc priests
  5 bullfrog skeletons
  3 jellies
  10 orc wizards
  An iguana (D:4)
  11 worker ants
  A howler monkey zombie (D:8)
  4 gnolls (D:9)
  A worker ant zombie (D:7)
  7 adders
  A shadow imp (D:5)
  A white imp (D:9)
  An ooze (D:4)
  A dart slug (D:3)
  4 leopard geckos
  35 orcs
  5 ball pythons
  3 giant cockroaches
  4 goblins
  5 hobgoblins
  4 jackals (D:6)
  4 quokkas
  A ball python skeleton (D:4)
  3 bats
  6 frilled lizards
  A giant cockroach zombie (D:6)
  8 kobolds
  A leopard gecko skeleton (D:6)
  2 leopard gecko zombies (D:9)
  A quokka skeleton (D:5)
  7 rats
209 creatures vanquished.

Vanquished Creatures (others)
  An orc wizard (D:6)
  9 fungi
  16 plants
26 creatures vanquished.

Grand Total: 235 creatures vanquished

Notes
Turn   | Place    | Note
-------+----------+-------------------------------------------
     0 | D:1      | BarneyGumball the Gargoyle Fighter began the quest for the
                  | Orb.
     0 | D:1      | Reached XP level 1. HP: 14/14 MP: 1/1
   252 | D:1      | Reached XP level 2. HP: 19/19 MP: 2/2
   672 | D:2      | Reached XP level 3. HP: 19/23 MP: 3/3
   854 | D:4      | Reached XP level 4. HP: 25/28 MP: 4/4
   898 | D:5      | Entered Level 5 of the Dungeon
   920 | D:4      | Noticed an ogre
  1410 | D:4      | Reached XP level 5. HP: 31/32 MP: 5/5
  1503 | D:4      | Reached skill level 5 in Maces & Flails
  1503 | D:4      | Reached XP level 6. HP: 15/37 MP: 6/6
  1719 | D:4      | Reached skill level 5 in Armour
  2839 | D:5      | Noticed Edmund
  2847 | D:5      | Killed Edmund
  2847 | D:5      | Reached skill level 1 in Axes
  2847 | D:5      | Reached XP level 7. HP: 40/41 MP: 7/7
  2861 | D:5      | Found a burning altar of Makhleb.
  2897 | D:5      | Reached skill level 2 in Axes
  3680 | D:4      | Reached skill level 3 in Axes
  4462 | D:5      | Reached skill level 4 in Axes
  4462 | D:5      | Reached skill level 5 in Shields
  4462 | D:5      | Reached XP level 8. HP: 46/46 MP: 8/8
  5148 | D:6      | Reached skill level 5 in Axes
  5635 | D:6      | Noticed Grinder
  5645 | D:6      | Paralysed by Grinder for 2 turns
  5693 | D:6      | Paralysed by Grinder for 4 turns
  5741 | D:6      | Paralysed by Grinder for 2 turns
  5874 | D:6      | Reached skill level 6 in Axes
  6373 | D:6      | Reached XP level 9. HP: 48/51 MP: 9/9
  6506 | D:6      | Found a white marble altar of Elyvilon.
  6520 | D:6      | Found a shimmering blue altar of Sif Muna.
  6524 | D:6      | Found a glowing golden altar of the Shining One.
  6562 | D:7      | Found a staircase to the Ecumenical Temple.
  6573 | Temple   | Entered the Ecumenical Temple
  6855 | D:7      | Noticed Duvessa
  6856 | D:7      | Noticed Dowan
  6869 | D:7      | Reached skill level 7 in Axes
  6869 | D:7      | Killed Duvessa
  6877 | D:7      | Killed Dowan
  6943 | D:7      | Found an iron altar of Okawaru.
  6944 | D:7      | Found a radiant altar of Vehumet.
  6956 | D:7      | Became a worshipper of Warmaster Okawaru
  7099 | D:7      | Reached skill level 8 in Axes
  7579 | D:8      | Reached * piety under Okawaru
  7704 | D:8      | Noticed a purple ugly thing
  8080 | D:8      | Killed a purple ugly thing
  8080 | D:8      | Reached skill level 9 in Axes
  8080 | D:8      | Reached XP level 10. HP: 30/56 MP: 10/10
  8440 | D:8      | Found an iron altar of Okawaru.
  8563 | D:8      | Found a staircase to the Lair.
  8879 | D:8      | Found a broken altar of Ashenzari.
  8900 | D:9      | Found a stormy altar of Qazlal.
  8907 | D:9      | Reached ** piety under Okawaru
  8988 | D:9      | Found a hide-covered altar of Uskayaw.
  9236 | D:9      | Reached skill level 10 in Axes
  9451 | D:9      | Reached *** piety under Okawaru
  9460 | D:9      | Found a sparkling altar of Nemelex Xobeh.
  9836 | D:10     | Entered Level 10 of the Dungeon
 10500 | Lair:1   | Entered Level 1 of the Lair of Beasts
 10859 | Lair:1   | Reached **** piety under Okawaru
 11094 | Lair:1   | Reached skill level 11 in Axes
 11094 | Lair:1   | Reached skill level 10 in Shields
 11094 | Lair:1   | Slain by a yak

Illustrated notes

Levels and vault maps discovered:
D:1:      dpeg_arrival_orchard, layout_basic, serial_bayou_lake_a
D:2:      layout_basic, marbit_many_paths, uniq_natasha
D:3:      layout_basic, old_standard_altar, small_statue_intersection
D:4:      layout_basic, minmay_small_thing
D:5:      layout_layer_cave, nicolae_overflow_crystal_walls, uniq_edmund
D:6:      minmay_recursive_quarters, layout_loops_corners,
          minmay_overflow_temple_star_quad, uniq_grinder
D:7:      layout_basic, overflow_temple_1_default, minmay_temple_entry_junction,
          okawaru_ov_weapons_minmay, uniq_duvessa
D:8:      layout_basic, old_standard_altar, lemuel_coloured_pillars_altar,
          grunt_lair_entry_orc_guard_hut, hangedman_decor_opposing
D:9:      layout_loops_ring, grunt_qazlal_sundering, grunt_temple_overflow_open,
          minmay_lizard_king
D:10:     layout_basic
D:11:     layout_loops_corners
Temple:   dpeg_chambers_temple
Lair:1:   layout_regular_city

Skill      XL: |  1  2  3  4  5  6  7  8  9 10 |
---------------+-------------------------------+-----
Maces & Flails | 3 4 5 |  5.7
Armour         | 4 5 |  5.2
Axes           | 1 4 6 9 11 | 11.0
Shields        | 5 6 8 10 | 10.0
Fighting       | |  3.2

Action                   |  1- 3 |  4- 6 |  7- 9 | 10-12 || total
-------------------------+-------+-------+-------+-------++-------
Melee: Flail             |   102 |   177 |       |       ||   279
       War axe           |       |    10 |   279 |   162 ||   451
  Use: Scroll            |       |       |       |     9 ||     9
       Potion            |       |       |       |     1 ||     1
Armor: Scale mail        |    47 |   128 |   144 |    48 ||   367
Dodge: Dodged            |    39 |    47 |    75 |    48 ||   209
Block: Kite shield       |    58 |   117 |   153 |    96 ||   424

Table legend: (Time is in decaauts)
 A = Elapsed time spent in this place.
 B = Non-inter-level travel time spent in this place.
 C = Inter-level travel time spent in this place.
 D = Time resting spent in this place.
 E = Time spent auto-exploring this place.
 F = Levels seen in this place.
 G = Mean time per level.
                   A        B        C        D        E       F      G
               +--------+--------+--------+--------+--------+-----+--------+
         Total |  11271 |  10595 |    676 |   2056 |   6383 |  13 |  867.0 |
       Dungeon |  10481 |   9816 |    665 |   1921 |   5803 |  11 |  952.8 |
        Temple |    196 |    186 |     10 |      0 |    186 |   1 |  196.0 |
          Lair |    592 |    592 |      0 |    135 |    394 |   1 |  592.0 |
               +--------+--------+--------+--------+--------+-----+--------+

Top non-repeatable levels by time:
     D:5: 1636 daAuts
     D:6: 1557 daAuts
     D:4: 1503 daAuts
     D:3: 1226 daAuts
     D:8: 1127 daAuts
     D:7: 1065 daAuts
     D:9: 965 daAuts
     D:1: 638 daAuts
    D:10: 607 daAuts
  Lair:1: 592 daAuts
  Temple: 196 daAuts
     D:2: 151 daAuts
    D:11: 1 daAuts
